 Dungeon Crawl Stone Soup version 0.30-a0-913-g9934a0ce24 (webtiles) character file.

Game seed: 2339606183593447648

266 Zonian the Ruffian (level 6, -1/32 HPs)
             Began as a Vine Stalker Gladiator on Mar 19, 2023.
             Slain by a hornet (5 damage)
             ... on level 4 of the Dungeon.
             The game lasted 00:06:17 (3330 turns).

Zonian the Ruffian (Vine Stalker Gladiator)         Turns: 3330, Time: 00:06:18

Health: -1/32      AC:  6    Str: 31    XL:     6   Next: 20%
Magic:  0/7        EV: 12    Int:  8    God:
Gold:   161        SH:  0    Dex: 15    Spells: 5/5 levels left

rFire   . . .      SeeInvis .      - Unarmed
rCold   . . .      Faith    .    (no shield)
rNeg    . . .      Spirit   +    a - +0 leather armour
rPois   .          Reflect  .    b - +0 helmet
rElec   .          Rampage  .    t - +1 cloak
rCorr   .                        (no gloves)
Will    .....                    (no boots)
Stlth   ++                       (no amulet)
HPRegen 1.05/turn                j - +6 ring of strength
MPRegen 0.10/turn                n - +6 ring of strength

@: about to teleport, slowed, very slow
A: fangs 2, regeneration 1, magic shield, antimagic bite, no potion heal 2
a: no special abilities


You were on level 4 of the Dungeon.
You visited 1 branch of the dungeon, and saw 4 of its levels.

You collected 161 gold pieces.

Inventory:

Missiles
 d - a javelin (quivered)
 f - 4 poisoned darts
 o - 6 boomerangs
Armour
 a - a +0 leather armour (worn)
 b - a +0 helmet (worn)
 t - a +1 cloak (worn)
Jewellery
 e - a ring of willpower
 j - a +6 ring of strength (left hand)
 n - a +6 ring of strength (right hand)
 s - the ring of Nicrac {rElec rC+ Stlth+}
   (You found it on level 2 of the Dungeon)

   [ring of protection from cold]

   rC:        It protects you from cold.
   rElec:     It insulates you from electricity.
   Stlth:     It makes you more stealthy.
 u - a ring of positive energy
Wands
 x - a wand of flame (14)
Scrolls
 l - a scroll of enchant armour
 r - a scroll of noise {unknown}
 w - a scroll of immolation {unknown}
Potions
 g - 3 potions of lignification
 h - 2 potions of might
 i - 2 potions of cancellation
 k - a potion of berserk rage {unknown}
 m - 2 potions of ambrosia {unknown}
 p - a potion of curing {unknown}
 q - a potion of attraction


   Skills:
 + Level 3.5 Fighting
 - Level 2.0 Throwing
 - Level 2.5 Dodging
 + Level 4.0 Stealth
 + Level 4.5 Unarmed Combat


You had 5 spell levels left.
You didn't know any spells.
Your spell library contained the following spells:

 Spells                   Type           Power      Damage    Failure   Level
 Sublimation of Blood     Necr           0%         N/A       58%         2
 Wereblood                Tmut           0%         N/A       58%         2
 Summon Hydra             Summ           0%         N/A       100%        7


Dungeon Overview and Level Annotations

Branches:
Dungeon (4/15)
 Temple: D:4-7

Altars:
Dithmenos
Hepliaklqana

Shops:
D:2 =

Annotations:
D:1 1 transporter


Innate Abilities, Weirdness & Mutations

You have extremely sharp teeth.
Your natural rate of healing is unusually fast.
When hurt, damage is shared between your health and your magic reserves.
Your bite disrupts and absorbs the magic of your enemies.
Potions cannot restore your health.


Message History

The hornet struggles against the net.
The hornet struggles against the net. x2
The net rips apart, and the hornet comes free!
Throw: throwing net
Press: ? - help, Shift-Dir - straight line, f/p - hornet
Aim: a hornet (46% to hit)
You throw a throwing net. The throwing net hits the hornet.
The hornet is caught in the net!
The hornet struggles against the net.
Unknown command.
The hornet struggles against the net.
An endoplasm comes into view.
The hornet struggles against the net.
The net rips apart, and the hornet comes free!
You completely miss the hornet.
The endoplasm quivers.
Your bite misses the hornet. The hornet barely misses you.
You barely miss the hornet. You bite the hornet. You drain its power.
The hornet is lightly wounded.
The hornet barely misses you.
You hit the hornet. You bite the hornet. You drain its power.
The hornet is lightly wounded.
The hornet stings you but does no damage.
The hornet misses you.
You barely miss the hornet.
The hornet is lightly wounded.
The hornet stings you!
You suddenly lose the ability to move!
The hornet stings you!
You feel yourself slow down. The hornet stings you!
You feel as though you will be slow longer.
The hornet stings you!
* * * LOW HITPOINT WARNING * * *
You feel as though you will be slow longer.
You can move again.
As you read the scroll labelled FAZOMP AME SOM, it crumbles to dust.
It is a scroll of enchant armour.
Your +0 cloak glows green for a moment.
The hornet misses you.
The hornet stings you but does no damage.
As you read the scroll of teleportation, it crumbles to dust.
You feel strangely unstable. The hornet stings you.
You die...

....#.#####...#.#
....#....<....#.#
.........###..#.#
..............#.#
.........###.##.#
#....#.## #.##.#
........####.##.#
#..Jy.##.##.#
#..##@##.##.# #..
#....##.#
#..####..##.#
##.......##.#
#...........#
#......##....#
#...... ##...#
#...... ###.#
#...... >..


You could see a hornet and an endoplasm.

Vanquished Creatures
  Menkaure (D:4)
  An iguana (D:3)
  3 adders (D:2)
  A white imp (D:3)
  3 worms
  2 dart slugs
  4 orcs
  2 bats
  9 endoplasms
  4 giant cockroaches
  9 goblins
  4 hobgoblins (D:3)
  2 quokkas
  9 ball pythons
  7 kobolds
  6 rats
67 creatures vanquished.

Notes
Turn   | Place    | Note
-------+----------+-------------------------------------------
     0 | D:1      | Zonian the Vine Stalker Gladiator began the quest for the
                  | Orb.
     0 | D:1      | Reached XP level 1. HP: 11/11 MP: 2/2
   208 | D:1      | Reached XP level 2. HP: 14/15 MP: 1/3
   467 | D:1      | Found a faded altar of an unknown god.
   534 | D:1      | Reached skill level 1 in Stealth
   569 | D:1      | Reached XP level 3. HP: 18/18 MP: 4/4
  1043 | D:2      | Found Paahugux's Jewellery Shoppe.
  1432 | D:2      | Identified the ring of Nicrac {rElec rC+ Stlth+}
  1787 | D:2      | Gained mutation: Your natural rate of healing is unusually
                  | fast. [Vine Stalker growth]
  1787 | D:2      | Reached XP level 4. HP: 19/23 MP: 3/5
  2501 | D:3      | Found a shadowy altar of Dithmenos.
  2501 | D:3      | Noticed a shadow
  2506 | D:3      | Found a hazy altar of Hepliaklqana.
  2557 | D:3      | Reached XP level 5. HP: 28/28 MP: 6/6
  3000 | D:4      | Noticed a hornet
  3070 | D:4      | Noticed Menkaure
  3097 | D:4      | HP: 1/28 [Menkaure/nerve-wracking pain (12)]
  3099 | D:4      | Killed Menkaure
  3100 | D:4      | Reached XP level 6. HP: 3/32 MP: 0/7
  3326 | D:4      | Paralysed by a hornet for 2 turns
  3328 | D:4      | HP: 1/32 [hornet (11)]
  3330 | D:4      | Slain by a hornet

Illustrated notes

Levels and vault maps discovered:
D:1:      spicycebolla_arrival_transporter_tutorial, layout_loops_ring,
          hellmonk_ecumenical_altar_pennies_from_heaven,
          minmay_shallow_snake_nest
D:2:      layout_loops_ring, serial_shops, nicolae_shop_trees, kennysheep_path_1
D:3:      layout_loops_ring, riverfiend_overflow_shadow_ancestor,
          kennysheep_generic_room_10
D:4:      layout_basic, kennysheep_mini_moat, nzn_random_ring, uniq_menkaure

Skill      XL: |  1  2  3  4  5 |
---------------+----------------+-----
Throwing       | 2 |  2.0
Fighting       | 2 3 |  3.5
Stealth        | 1 2 4 |  4.0
Unarmed Combat | 4 |  4.5
Dodging        | |  2.5

Action                     |  1- 3 |  4- 6 || total
---------------------------+-------+-------++-------
  Melee: Unarmed           |    93 |    81 ||   174
         Bite              |    16 |    23 ||    39
         Punch             |       |     1 ||     1
  Throw: Throwing net      |     2 |     4 ||     6
    Use: Scroll            |       |     9 ||     9
   Stab: Sleeping          |     6 |     1 ||     7
         Distracted        |       |     1 ||     1
 Armour: Leather armour    |    16 |    18 ||    34
  Dodge: Dodged            |    47 |    22 ||    69

Table legend: (Time is in decaauts)
 A = Elapsed time spent in this place.
 B = Non-inter-level travel time spent in this place.
 C = Inter-level travel time spent in this place.
 D = Time resting spent in this place.
 E = Time spent auto-exploring this place.
 F = Levels seen in this place.
 G = Mean time per level.
                   A        B        C        D        E       F      G
               +--------+--------+--------+--------+--------+-----+--------+
         Total |   3320 |   3167 |    153 |    209 |   2205 |   4 |  830.0 |
       Dungeon |   3320 |   3167 |    153 |    209 |   2205 |   4 |  830.0 |
               +--------+--------+--------+--------+--------+-----+--------+

Top non-repeatable levels by time:
     D:2: 1177 daAuts
     D:3: 878 daAuts
     D:1: 817 daAuts
     D:4: 447 daAuts
